 Dungeon Crawl Stone Soup version 0.29.1-1-gd02db6906a (webtiles) character file.

Game seed: 8434770898621539820

284 safid the Shooter (level 6, 0/51 HPs)
             Began as a Minotaur Hunter on Oct 7, 2022.
             Slain by Sigmund
             ... wielding a +7 scythe of protection
              (5 damage)
             ... on level 5 of the Dungeon.
             The game lasted 00:04:15 (4006 turns).

safid the Shooter (Minotaur Hunter)                 Turns: 4006, Time: 00:04:16

Health: 0/51       AC:  4    Str: 16    XL:     6   Next: 7%
Magic:  5/5        EV: 12    Int:  6    God:
Gold:   239        SH:  0    Dex: 15    Spells: 5/5 levels left

rFire   . . .      SeeInvis .   a - +0 shortbow
rCold   . . .      Faith    .   (shield currently unavailable)
rNeg    . . .      Spirit   .   c - +0 leather armour
rPois   .          Reflect  .   (helmet restricted)
rElec   .          Harm     .   (no cloak)
rCorr   +          Rampage  .   (no gloves)
Will    .....                   v - +0 pair of boots
Stlth   +.........              x - amulet of regeneration
HPRegen 0.97/turn               (no ring)
MPRegen 0.09/turn               w - ring of resist corrosion

@: mighty
A: horns 2, retaliatory headbutt
a: no special abilities


You were on level 5 of the Dungeon.
You visited 1 branch of the dungeon, and saw 5 of its levels.

You collected 239 gold pieces.

Inventory:

Hand Weapons
 a - a +0 shortbow (weapon)
Missiles
 r - a throwing net
Armour
 c - a +0 leather armour (worn)
 v - a +0 pair of boots (worn)
Jewellery
 w - a ring of resist corrosion (right hand)
 x - an amulet of regeneration (around neck)
Wands
 l - a wand of flame (36)
 u - a wand of charming (14)
Scrolls
 b - a scroll of immolation
 e - 10 scrolls of identify {unknown}
 g - 4 scrolls of amnesia {unknown}
 j - 3 scrolls of brand weapon {unknown}
 k - a scroll of fear {unknown}
 m - a scroll of noise {unknown}
 o - 4 scrolls of teleportation {unknown}
 s - a scroll of acquirement {unknown}
Potions
 d - 2 potions of attraction {unknown}
 f - a potion of heal wounds {unknown}
 h - a potion of invisibility {unknown}
 i - 2 potions of curing
 n - a potion of might
 q - 3 potions of degeneration {unknown}
 t - a potion of lignification {unknown}


   Skills:
 - Level 3.0 Fighting
 + Level 7.9 Ranged Weapons
 - Level 2.1 Dodging
 - Level 0.7 Stealth


You had 5 spell levels left.
You didn't know any spells.
Your spell library contained the following spells:

 Spells                   Type           Power      Damage    Failure   Level
 Apportation              Tloc           0%         N/A       52%         1
 Foxfire                  Conj/Fire      0%         2x1d4     52%         1
 Ensorcelled Hibernation  Hex/Ice        0%         N/A       67%         2
 Spider Form              Tmut/Pois      0%         N/A       88%         3
 Stone Arrow              Conj/Erth      0%         3d7       88%         3
 Anguish                  Hex/Necr       0%         N/A       99%         4
 Animate Armour           Summ/Erth      0%         N/A       99%         4
 Alistair's Intoxication  Tmut/Pois      0%         N/A       100%        5
 Fireball                 Conj/Fire      0%         3d3       100%        5
 Lehudib's Crystal Spear  Conj/Erth      0%         10d2      100%        8


Dungeon Overview and Level Annotations

Branches:
Dungeon (5/15)
 Temple: D:4-7

Altars:
Trog

Shops:
D:4 :

Annotations:
D:5 Sigmund


Innate Abilities, Weirdness & Mutations

You have a pair of horns on your head.
You reflexively headbutt those who attack you in melee.


Message History

You shoot an arrow. The arrow closely misses Sigmund.
Sigmund barely misses you.
Fire: a) +0 shortbow
Press: ? - help, Q - select action, (/) - cycle Shift-Dir - straight line, f/p - Sigmund
Aim: Sigmund, wielding a +7 scythe of protection and wearing a +0 robe (severely wounded, unusually resistant, 60% to hit)
You shoot an arrow.
The arrow hits Sigmund but does no damage.
Sigmund is severely wounded.
Sigmund casts a spell at you.
You are confused.
Unknown command.
Non-targeted confused fire: a) +0 shortbow
Press: ? - help, Q - select action, (/) - cycle Dir - look around, f - activate You shoot an arrow.
Sigmund hits you from afar with a +7 scythe of protection!
* * * LOW HITPOINT WARNING * * *
Unknown command.
It was a potion of curing.
You feel better.
Fire: a) +0 shortbow
Press: ? - help, Q - select action, (/) - cycle Shift-Dir - straight line, f - Sigmund
Aim: Sigmund, wielding a +7 scythe of protection and wearing a +0 robe (severely wounded, unusually resistant, 60% to hit)
You shoot an arrow. The arrow barely misses Sigmund.
Sigmund hits you from afar with a +7 scythe of protection!
* * * LOW HITPOINT WARNING * * *
Fire: a) +0 shortbow
Press: ? - help, Q - select action, (/) - cycle Shift-Dir - straight line, f/p - Sigmund
Aim: Sigmund, wielding a +7 scythe of protection and wearing a +0 robe (severely wounded, unusually resistant, 60% to hit)
You shoot an arrow.
The arrow hits Sigmund but does no damage.
Sigmund is severely wounded.
Sigmund hits you from afar with a +7 scythe of protection!
* * * LOW HITPOINT WARNING * * *
Fire: a) +0 shortbow
Press: ? - help, Q - select action, (/) - cycle Shift-Dir - straight line, f/p - Sigmund
Aim: Sigmund, wielding a +7 scythe of protection and wearing a +0 robe (severely wounded, unusually resistant, 60% to hit)
You shoot an arrow. The arrow hits Sigmund.
Sigmund is almost dead.
Sigmund is no longer unusually resistant.
Sigmund hits you from afar with a +7 scythe of protection.
You die...

#.# ######
#.#
####.########
#............
#.##.########
#.##.# #.##.#
#.##.# #@##.#
#.##.# #@##.#
#.# #.# ).#
..# ..#


You could see Sigmund.

Vanquished Creatures
  A scorpion (D:4)
  An iguana (D:2)
  7 gnolls (D:3)
  3 adders (D:2)
  A white imp (D:4)
  A worm (D:2)
  3 orcs (D:4)
  7 ball pythons
  4 bats
  7 endoplasms
  4 giant cockroaches
  13 hobgoblins
  7 jackals
  6 kobolds
  6 quokkas
  5 frilled lizards
  8 goblins
  7 rats
91 creatures vanquished.

Notes
Turn   | Place    | Note
-------+----------+-------------------------------------------
     0 | D:1      | safid the Minotaur Hunter began the quest for the Orb.
     0 | D:1      | Reached XP level 1. HP: 18/18 MP: 0/0
   275 | D:1      | Reached XP level 2. HP: 26/26 MP: 1/1
   621 | D:1      | Reached skill level 5 in Ranged Weapons
   829 | D:1      | Reached XP level 3. HP: 31/31 MP: 2/2
  1122 | D:2      | Found a bloodstained altar of Trog.
  1354 | D:2      | Reached skill level 6 in Ranged Weapons
  1354 | D:2      | Reached XP level 4. HP: 38/38 MP: 3/3
  1553 | D:2      | Found a faded altar of an unknown god.
  2225 | D:3      | Reached XP level 5. HP: 39/45 MP: 4/4
  2228 | D:3      | Reached skill level 7 in Ranged Weapons
  3247 | D:4      | Reached XP level 6. HP: 12/51 MP: 5/5
  3610 | D:4      | Got Teix's Treatise on Red-Hot Conjuration
  3692 | D:4      | Found Azyxah's Tremendous Tomes.
  3941 | D:5      | Entered Level 5 of the Dungeon
  3985 | D:5      | Noticed Sigmund
  4006 | D:5      | Slain by Sigmund

Illustrated notes

Levels and vault maps discovered:
D:1:      ncdulo_lavacross, layout_basic
D:2:      layout_rooms, basic_altar, chequers_ecumenical_altar_simple_redux
D:3:      cheibrodos_greedy_goblins, layout_basic, kennysheep_cross_room,
          kennysheep_generic_room_6
D:4:      layout_basic, nicolae_shop_i_like_big_books,
          minmay_misc_feat_four_crosses
D:5:      layout_basic, minmay_temple_entry_junction, grunt_decor_junction,
          uniq_sigmund

Skill      XL: |  1  2  3  4  5 |
---------------+----------------+-----
Fighting       | 3 |  3.0
Ranged Weapons | 5 6 7 |  7.9
Dodging        | |  2.1
Stealth        | |  0.7

Action                   |  1- 3 |  4- 6 || total
-------------------------+-------+-------++-------
 Fire: Shortbow          |    95 |   146 ||   241
  Use: Potion            |       |     2 ||     2
Armor: Leather armour    |     4 |    13 ||    17
Dodge: Dodged            |    24 |    44 ||    68
